 Dungeon Crawl Stone Soup version 0.28.0 (webtiles) character file.

Game seed: 1617084995478044753

4484 jfcaron the Summoner (level 10, -17/74 HPs)
             Began as a Gnoll Summoner on Feb 17, 2022.
             Was a Believer of Cheibriados.
             Demolished by an orc knight (48 damage)
             ... in a bailey.
             The game lasted 00:40:34 (10823 turns).

jfcaron the Summoner (Gnoll Summoner)              Turns: 10823, Time: 00:40:36

Health: -17/74     AC:  8    Str: 16    XL:     10   Next: 38%
Magic:  12/21      EV: 21    Int: 20    God:    Cheibriados [**....]
Gold:   154        SH:  0    Dex: 24    Spells: 2/23 levels left

rFire   . . .      SeeInvis .   F - +2 falchion (elec)
rCold   . . .      Faith    .   (no shield)
rNeg    . . .      Spirit   .   C - +1 leather armour {rPois}
rPois   +          Reflect  .   a - +0 helmet
rElec   .          Harm     .   k - +0 cloak
rCorr   .          Rampage  .   (no gloves)
Will    .....                   N - +0 pair of boots
Stlth   ++++......              z - amulet of regeneration
HPRegen 1.02/turn               f - +6 ring of dexterity
MPRegen 0.17/turn               L - +4 ring of evasion

@: very slow
A: fangs 1, strong nose, distributed training
a: Renounce Religion, Bend Time


You were in a bailey.
You worshipped Cheibriados.
Cheibriados was pleased with you.
You visited 2 branches of the dungeon, and saw 10 of its levels.
You also visited: Bailey.

You collected 560 gold pieces.
You spent 406 gold pieces at shops.

Inventory:

Hand Weapons
 v - a +4 vampiric spear
 F - a +2 falchion of electrocution (weapon)
 G - a +1 shortbow of flaming
 I - a +2 dagger of venom
 P - a +1 scimitar of flaming
Missiles
 c - 374 stones
 g - 83 sling bullets
 j - 78 bolts
 o - 13 poisoned darts (quivered)
 q - 153 arrows
 u - 6 javelins
Armour
 a - a +0 helmet (worn)
 k - a +0 cloak (worn)
 C - a +1 leather armour of poison resistance (worn)
 N - a +0 pair of boots (worn)
Jewellery
 f - a +6 ring of dexterity (left hand)
 z - an amulet of regeneration (around neck)
 L - a +4 ring of evasion (right hand)
Wands
 r - a wand of acid (7)
Scrolls
 b - a scroll of fear {unknown}
 d - 7 scrolls of teleportation
 t - 4 scrolls of vulnerability
 y - a scroll of magic mapping
 H - a scroll of holy word {unknown}
 K - a scroll of summoning {unknown}
 M - 2 scrolls of blinking
 O - a scroll of fog {unknown}
Potions
 e - 3 potions of lignification
 h - a potion of cancellation
 i - 2 potions of heal wounds
 l - 2 potions of curing
 m - 3 potions of might
 n - a potion of haste
 p - a potion of brilliance
 s - a potion of flight
 x - a potion of attraction
 D - 2 potions of berserk rage
 J - a potion of magic


   Skills:
 + Level 5.2 Fighting
 + Level 5.2 Short Blades
 + Level 5.2 Long Blades
 + Level 5.2 Axes
 + Level 5.2 Maces & Flails
 + Level 5.2 Polearms
 + Level 5.2 Staves
 + Level 5.2 Slings
 + Level 5.2 Bows
 + Level 5.2 Crossbows
 + Level 5.2 Throwing
 + Level 5.2 Armour
 + Level 7.0 Dodging
 + Level 6.7 Stealth
 + Level 5.2 Shields
 + Level 5.2 Unarmed Combat
 + Level 7.3 Spellcasting
 + Level 4.3 Conjurations
 + Level 4.3 Hexes
 + Level 8.4 Summonings
 + Level 4.3 Necromancy
 + Level 4.3 Translocations
 + Level 4.3 Transmutations
 + Level 4.3 Fire Magic
 + Level 4.3 Ice Magic
 + Level 4.3 Air Magic
 + Level 4.3 Earth Magic
 + Level 4.3 Poison Magic
 + Level 5.7 Invocations
 + Level 5.2 Evocations


You had 2 spell levels left.
You knew the following spells:

 Your Spells              Type           Power      Damage    Failure   Level
a - Summon Small Mammal   Summ           100%       N/A       1%          1
b - Call Imp              Summ           41%        N/A       1%          2
c - Call Canine Familiar  Summ           41%        N/A       1%          3
d - Summon Guardian Gole  Hex/Summ       32%        N/A       2%          3
e - Summon Lightning Spi  Summ/Air       32%        N/A       8%          4
f - Passwall              Tmut/Erth      20%        N/A       2%          2
g - Ensorcelled Hibernat  Hex/Ice        48%        N/A       2%          2
h - Blink                 Tloc           48%        N/A       2%          2
i - Poisonous Vapours     Pois/Air       48%        N/A       2%          2

Your spell library contained the following spells:

 Spells                   Type           Power      Damage    Failure   Level
 Sandblast                Erth           48%        2d12      1%          1
 Shock                    Conj/Air       96%        1d9       1%          1
 Sting                    Tmut/Pois      96%        1d7       1%          1
 Static Discharge         Conj/Air       24%        N/A       2%          2
 Conjure Flame            Conj/Fire      24%        6-21      5%          3
 Ignite Poison            Fire/Tmut/Pois 24%        N/A       5%          3
 Portal Projectile        Hex/Tloc       48%        N/A       5%          3
 Stone Arrow              Conj/Erth      48%        3d10      5%          3
 Swiftness                Air            24%        N/A       5%          3
 Airstrike                Air            12%        N/A       19%         4
 Dispel Undead            Necr           24%        3d12      19%         4
 Leda's Liquefaction      Hex/Erth       12%        N/A       19%         4
 Olgreb's Toxic Radiance  Pois           24%        N/A       19%         4
 Sticky Flame             Conj/Fire      24%        2d5       19%         4
 Lightning Bolt           Conj/Air       12%        1d25      45%         5
 Manifold Assault         Tloc           24%        N/A       45%         5
 Dispersal                Tloc           12%        N/A       96%         6
 Storm Form               Tmut/Air       12%        N/A       100%        7
 Disjunction              Tloc           12%        N/A       100%        8


Dungeon Overview and Level Annotations

Branches:
Dungeon (9/15)             Temple (1/1) D:6          Bailey (1/1)
   Lair: D:8-11         Orc: D:9-12

Altars:
Ashenzari
Cheibriados
Dithmenos
Elyvilon
Fedhas
Gozag
Hepliaklqana
Makhleb
Okawaru
Qazlal
Sif Muna
Trog
Uskayaw
Vehumet
Xom
Yredelemnul
Zin
The Shining One

Shops:
D:1 :!!(=   D:3 *   D:5 *


Innate Abilities, Weirdness & Mutations

You have very sharp teeth.
Your uncanny sense of smell can sniff out nearby items.
Your experience applies equally to all skills.


Message History

You throw a poisoned dart. The poisoned dart hits the orc knight!
The orc knight looks even sicker.
Throw: 15 darts (poison)
Press: ? - help, Q - select action, (/) - cycle Shift-Dir - straight line, f/p - orc knight
Aim: an orc knight, wielding a +0 glaive and wearing a +0 scale mail (strong, very poisoned, ally target, 62% to hit)
You throw a poisoned dart. The poisoned dart hits the orc knight!
The orc knight looks as sick as possible!
The orc knight roars a battlecry!
The orc knight goes into a battle-frenzy!
Throw: 14 darts (poison)
Press: ? - help, Q - select action, (/) - cycle Shift-Dir - straight line, f/p - orc knight
Aim: an orc knight, wielding a +0 glaive and wearing a +0 scale mail (lightly wounded, strong, extremely poisoned, ally target, 62% to hit)
You throw a poisoned dart.
The poisoned dart barely misses the orc knight.
Casting: Call Imp (safe; 1% risk of failure)
Confirm with . or Enter, or press ? or * to list all spells.
An electric hum fills the air.
Unknown command.
You swap places.
Unknown command.
You enter the shallow water.
Moving in this stuff is going to be slow.
The orc knight hits you from afar with a +0 trident!
Unknown command.
Your white imp hits the orc knight but does no damage.
Your white imp hits the orc knight.
Your white imp freezes the orc knight.
The orc knight splashes around in the water.
Things that are here:
a +0 trident; a +0 scale mail You swap places.
The orc knight hits you with a +0 trident! x2
Unknown command.
The orc knight hits you from afar with a +0 trident.
Casting: Summon Lightning Spire (dangerous; 8% risk of failure)
Confirm with . or Enter, or press ? or * to list all spells.
A guardian golem appears, shielding your allies.
The orc knight hits you from afar with a +0 trident!
The orc knight hits you from afar with a +0 glaive!!!
Ouch! That really hurt!
You die...

##.)≈..#+# ≈...⌠.§ #
#∩.≈≈..# ...⌠∩⌠. #.≈≈..##
≈§o§... #.≈..## ∆ .§§≈≈
#.≈.## ∆∆∆ ...
#.≈.#########'###+########
#.≈....).).o.##.....##....
#.≈≈≈≈≈≈≈h≈o..##.∩.##..≈≈≈
#........@8≈≈..## ##..≈≈..
##########5.≈≈..###..≈≈..#
##9.≈≈...).)≈..##
##..≈≈≈≈≈≈≈..##
##.........## ###########


You could see 2 orc knights, a friendly guardian golem (summoned), a friendly
wolf (summoned, sheltered), a friendly lightning spire (summoned, sheltered) and
a friendly white imp (summoned, sheltered).

Vanquished Creatures
  Erolcha (D:9)
  An efreet (D:8)
  A troll (D:8)
  A golden eye (D:7)
  2 water moccasins (D:6)
  4 orc warriors
  An ice beast (D:6)
  A black bear (D:4)
  2 ogres
  2 centaurs (D:6)
  A phantom (D:6)
  4 kobold brigands
  A bullfrog (D:7)
  2 wyvern zombies
  A gnoll sergeant (D:8)
  2 scorpions
  Dowan (D:7)
  A water moccasin zombie (D:6)
  A wyvern skeleton (D:5)
  6 killer bees (D:8)
  3 wights (D:8)
  A howler monkey (D:5)
  A crimson imp (D:8)
  A bullfrog zombie (D:6)
  4 jellies
  An orc priest (D:6)
  2 bullfrog skeletons
  A gnoll shaman (D:7)
  3 orc wizards
  Ijyb (D:3)
  3 iguanas
  A killer bee zombie (D:8)
  2 howler monkey zombies
  16 gnolls
  3 adders
  2 shadow imps
  A white imp (D:7)
  An adder skeleton (D:4)
  5 worms
  2 dart slugs
  30 orcs
  6 ball pythons
  2 bats
  5 endoplasms
  3 giant cockroaches
  7 goblins
  8 hobgoblins
  5 jackals
  49 kobolds
  5 quokkas
  3 frilled lizards
  5 rats
  2 fungi (D:3)
  11 plants (D:2)
231 creatures vanquished.

Notes
Turn   | Place    | Note
-------+----------+-------------------------------------------
     0 | D:1      | jfcaron the Gnoll Summoner began the quest for the Orb.
     0 | D:1      | Reached XP level 1. HP: 13/13 MP: 6/6
    38 | D:1      | Found Xacuz's Distillery.
   260 | D:1      | Found Lotred's Book Emporium.
   303 | D:1      | Found Tionaolo's Distillery.
   547 | D:1      | Reached XP level 2. HP: 19/19 MP: 5/7
   550 | D:1      | Learned a level 2 spell: Call Imp
   590 | D:1      | You fall into a shaft and drop 1 floor!
   700 | D:2      | Found a faded altar of an unknown god.
   714 | D:2      | Found a shimmering blue altar of Sif Muna.
   763 | D:1      | Found Ataetuha's Jewellery Shop.
   896 | D:1      | Found Aduysuh's Weapon Shop.
   949 | D:1      | Reached XP level 3. HP: 21/25 MP: 9/9
  1031 | D:1      | Reached skill level 5 in Spellcasting
  1200 | D:1      | Learned a level 3 spell: Call Canine Familiar
  1459 | D:1      | Bought a potion of curing for 42 gold pieces
  1495 | D:1      | Bought a potion of might for 56 gold pieces
  1783 | D:2      | Reached skill level 1 in Invocations
  2071 | D:2      | Reached skill level 1 in Fighting
  2071 | D:2      | Reached skill level 1 in Short Blades
  2071 | D:2      | Reached skill level 1 in Long Blades
  2071 | D:2      | Reached skill level 1 in Axes
  2071 | D:2      | Reached skill level 1 in Maces & Flails
  2071 | D:2      | Reached skill level 1 in Polearms
  2071 | D:2      | Reached skill level 1 in Staves
  2071 | D:2      | Reached skill level 1 in Slings
  2071 | D:2      | Reached skill level 1 in Bows
  2071 | D:2      | Reached skill level 1 in Crossbows
  2071 | D:2      | Reached skill level 1 in Throwing
  2071 | D:2      | Reached skill level 1 in Armour
  2071 | D:2      | Reached skill level 1 in Shields
  2071 | D:2      | Reached skill level 1 in Unarmed Combat
  2071 | D:2      | Reached skill level 1 in Evocations
  2415 | D:2      | Reached XP level 4. HP: 32/32 MP: 4/11
  2725 | D:3      | Found a broken altar of Ashenzari.
  2741 | D:3      | Reached skill level 1 in Conjurations
  2741 | D:3      | Reached skill level 1 in Hexes
  2741 | D:3      | Reached skill level 1 in Necromancy
  2741 | D:3      | Reached skill level 1 in Translocations
  2741 | D:3      | Reached skill level 1 in Transmutations
  2741 | D:3      | Reached skill level 1 in Fire Magic
  2741 | D:3      | Reached skill level 1 in Ice Magic
  2741 | D:3      | Reached skill level 1 in Air Magic
  2741 | D:3      | Reached skill level 1 in Earth Magic
  2741 | D:3      | Reached skill level 1 in Poison Magic
  2855 | D:3      | Noticed Ijyb
  2888 | D:3      | Killed Ijyb
  2889 | D:3      | Reached XP level 5. HP: 31/37 MP: 12/12
  2905 | D:3      | Learned a level 3 spell: Summon Guardian Golem
  3152 | D:3      | Found a glowing golden altar of the Shining One.
  3190 | D:3      | Found Zin's Purification Station.
  3190 | D:3      | Found a glowing silver altar of Zin.
  3254 | D:3      | Found a shimmering blue altar of Sif Muna.
  3548 | D:4      | Noticed a black bear
  3561 | D:4      | Killed a black bear
  3562 | D:4      | Reached XP level 6. HP: 41/44 MP: 2/14
  3788 | D:4      | Reached skill level 5 in Dodging
  4882 | D:4      | Reached XP level 7. HP: 30/50 MP: 4/15
  4957 | D:4      | Learned a level 2 spell: Blink
  5195 | D:4      | Reached skill level 5 in Stealth
  5509 | D:5      | Entered Level 5 of the Dungeon
  5738 | D:5      | Found Liggo's Gadget Gallery.
  5846 | D:5      | Reached XP level 8. HP: 57/57 MP: 16/16
  6940 | D:1      | Bought a potion of haste for 140 gold pieces
  6976 | D:1      | Bought a potion of brilliance for 56 gold pieces
  6976 | D:1      | Bought a potion of flight for 42 gold pieces
  6976 | D:1      | Bought a potion of berserk rage for 70 gold pieces
  7539 | D:6      | Reached XP level 9. HP: 65/65 MP: 18/18
  7546 | D:6      | Learned a level 2 spell: Passwall
  7621 | D:6      | Found a stormy altar of Qazlal.
  7729 | D:6      | Found a staircase to the Ecumenical Temple.
  7735 | Temple   | Entered the Ecumenical Temple
  7747 | Temple   | Became a worshipper of Cheibriados the Contemplative
  8057 | D:6      | Learned a level 2 spell: Ensorcelled Hibernation
  8319 | D:6      | Found a basalt altar of Yredelemnul.
  8550 | D:7      | Noticed Dowan
  8551 | D:7      | Noticed Duvessa
  8557 | D:7      | Killed Dowan
  8558 | D:7      | Reached skill level 8 in Summonings
  8560 | D:7      | Noticed Duvessa
  8560 | D:7      | Duvessa changed into Duvessa the golden eye
  8577 | D:7      | Killed Duvessa the golden eye
  8605 | D:7      | Learned a level 4 spell: Summon Lightning Spire
  9173 | D:8      | Noticed a troll
  9288 | D:8      | Killed a troll
  9491 | D:8      | Reached * piety under Cheibriados
  9492 | D:8      | Reached skill level 5 in Invocations
  9510 | D:8      | Noticed an efreet
  9518 | D:8      | Killed an efreet
  9808 | D:8      | Found a burning altar of Makhleb.
  9888 | D:8      | Found a blossoming altar of Fedhas.
  9922 | D:8      | Learned a level 2 spell: Poisonous Vapours
  9993 | D:8      | Reached XP level 10. HP: 72/73 MP: 8/20
 10325 | D:8      | Noticed a white ugly thing
 10443 | D:8      | Found an iron altar of Okawaru.
 10545 | D:9      | Found a flagged portal.
 10551 | D:9      | Noticed Erolcha
 10561 | D:9      | Killed Erolcha
 10561 | D:9      | Reached ** piety under Cheibriados
 10562 | D:9      | Reached skill level 5 in Fighting
 10562 | D:9      | Reached skill level 5 in Short Blades
 10562 | D:9      | Reached skill level 5 in Long Blades
 10562 | D:9      | Reached skill level 5 in Axes
 10562 | D:9      | Reached skill level 5 in Maces & Flails
 10562 | D:9      | Reached skill level 5 in Polearms
 10562 | D:9      | Reached skill level 5 in Staves
 10562 | D:9      | Reached skill level 5 in Slings
 10562 | D:9      | Reached skill level 5 in Bows
 10562 | D:9      | Reached skill level 5 in Crossbows
 10562 | D:9      | Reached skill level 5 in Throwing
 10562 | D:9      | Reached skill level 5 in Armour
 10562 | D:9      | Reached skill level 5 in Shields
 10562 | D:9      | Reached skill level 5 in Unarmed Combat
 10562 | D:9      | Reached skill level 5 in Evocations
 10571 | Bailey   | Entered a bailey
 10810 | Bailey   | Noticed an orc knight
 10811 | Bailey   | Noticed an orc knight
 10811 | Bailey   | Noticed an orc knight
 10823 | Bailey   | Demolished by an orc knight

Illustrated notes

Levels and vault maps discovered:
D:1:      dpeg_arrival_round_b, layout_basic, serial_shops, shop_coins,
          nicolae_shop_hallway_plus, shop, nicolae_shop_waterfront,
          nicolae_shop_waterfront
D:2:      layout_loops_corners, shapermc_ecumenical_altar_acropolis,
          basic_altar, serial_forest, infiniplex_forest_corner_1,
          infiniplex_forest_lined_2, infiniplex_forest_clump_double,
          infiniplex_forest_end_1, infiniplex_forest_lined_room_3,
          infiniplex_forest_straight_2, infiniplex_forest_clump_double
D:3:      layout_basic, zin_purify, mainiacjoe_overflow_chevrons,
          mainiacjoe_overflow_catwalk_spiral, kennysheep_generic_room_16,
          uniq_ijyb
D:4:      minmay_goblin_kobold_castle, layout_loops_ring
D:5:      layout_cave_pods, minmay_liquid_box, nicolae_shop_gadgets
D:6:      layout_basic, lemuel_zombie_altar_yredelemnul, marbit_many_paths,
          temple_green, serial_curves, eino_curves_04, eino_curves_02,
          eino_curves_03, eino_curves_01
D:7:      layout_basic, uniq_duvessa
D:8:      layout_loops_ring, lemuel_doored_altar, lemuel_coloured_pillars_altar,
          makhleb_grotto_becter, onia_ninara_dug_in_and_dangerous
D:9:      layout_rooms, mainiacjoe_overflow_24_doors, lemuel_crystal_altar,
          enter_bailey_6, hangedman_tell_no_tales, uniq_erolcha
Temple:   compressed_dpeg_triangle_lava_temple
Bailey:   bailey_polearm_1, bailey

Skill      XL: |  1  2  3  4  5  6  7  8  9 10 |
---------------+-------------------------------+-----
Spellcasting   | 5 6 7 |  7.3
Invocations    | 1 2 3 4 5 |  5.7
Fighting       | 1 2 3 4 5 |  5.2
Short Blades   | 1 2 3 4 5 |  5.2
Long Blades    | 1 2 3 4 5 |  5.2
Axes           | 1 2 3 4 5 |  5.2
Maces & Flails | 1 2 3 4 5 |  5.2
Polearms       | 1 2 3 4 5 |  5.2
Staves         | 1 2 3 4 5 |  5.2
Slings         | 1 2 3 4 5 |  5.2
Bows           | 1 2 3 4 5 |  5.2
Crossbows      | 1 2 3 4 5 |  5.2
Throwing       | 1 2 3 4 5 |  5.2
Armour         | 1 2 3 4 5 |  5.2
Shields        | 1 2 3 4 5 |  5.2
Unarmed Combat | 1 2 3 4 5 |  5.2
Evocations     | 1 2 3 4 5 |  5.2
Conjurations   | 1 2 3 4 |  4.3
Hexes          | 1 2 3 4 |  4.3
Necromancy     | 1 2 3 4 |  4.3
Translocations | 1 2 3 4 |  4.3
Transmutations | 1 2 3 4 |  4.3
Fire Magic     | 1 2 3 4 |  4.3
Ice Magic      | 1 2 3 4 |  4.3
Air Magic      | 1 2 3 4 |  4.3
Earth Magic    | 1 2 3 4 |  4.3
Poison Magic   | 1 2 3 4 |  4.3
Dodging        | 5 6 7 |  7.0
Stealth        | 5 6 |  6.7
Summonings     | 8 |  8.4

Action                   |  1- 3 |  4- 6 |  7- 9 | 10-12 || total
-------------------------+-------+-------+-------+-------++-------
Melee: Whip              |    22 |       |       |       ||    22
       Bite              |     5 |     9 |    11 |     6 ||    31
       Dagger            |     4 |    68 |    43 |       ||   115
       Punch             |       |     1 |     5 |     2 ||     8
       Spear             |       |     6 |     7 |       ||    13
       Quarterstaff      |       |       |    17 |       ||    17
       Falchion          |       |       |    46 |    27 ||    73
 Fire: Hunting sling     |       |    10 |    21 |       ||    31
       Shortbow          |       |       |     5 |       ||     5
Throw: Dart              |       |       |    10 |     5 ||    15
       Javelin           |       |       |     1 |       ||     1
 Cast: Summon Small Mamm |    22 |    15 |    33 |     2 ||    72
       Call Imp          |     9 |    11 |    28 |     2 ||    50
       Call Canine Famil |     5 |    18 |    34 |     5 ||    62
       Summon Guardian G |       |     3 |    15 |     2 ||    20
       Summon Lightning  |       |       |     7 |    11 ||    18
       Blink             |       |       |     1 |       ||     1
Evoke: Wand              |       |       |     5 |     1 ||     6
  Use: Scroll            |       |     6 |     5 |     2 ||    13
 Stab: Sleeping          |     3 |     6 |     3 |       ||    12
       Distracted        |     1 |       |     5 |     1 ||     7
Armor: Robe              |     4 |     1 |       |       ||     5
       Leather armour    |       |     7 |    25 |     5 ||    37
Dodge: Dodged            |    22 |    44 |   101 |    51 ||   218
Block: Other             |       |     7 |     4 |       ||    11
       Reflection        |       |     1 |     1 |       ||     2
